 Dungeon Crawl Stone Soup version 0.18-a0-1562-gac8da35 (webtiles) character file.

543 M4edhros the Sneak (level 7, 0/43 HPs)
             Began as an Octopode Artificer on Mar 13, 2016.
             Slain by a phantom (6 damage)
             ... on level 5 of the Dungeon.
             The game lasted 00:03:02 (2196 turns).

M4edhros the Sneak (Octopode Artificer)             Turns: 2196, Time: 00:03:03

Health: 0/43       AC:  1    Str: 10    XL:     7   Next: 27%
Magic:  10/10      EV: 14    Int: 15    God:
Gold:   224        SH:  0    Dex: 14    Spells: 0 memorised, 6 levels left

rFire  . . .     SeeInvis .     s - +2 short sword (flame)
rCold  . . .     Gourm    .     (no shield)
rNeg   . . .     Faith    .     (helmet restricted)
rPois  .         Spirit   .     (no amulet)
rElec  .         Dismiss  .     (no ring)
rCorr  .         Reflect  .     (no ring)
SustAt .         Harm     .     (no ring)
MR     .....                    (no ring)
Stlth  +++++.....               (no ring)
                                (no ring)
                                (no ring)
                                (no ring)

@: not resistant to hostile enchantments, quite stealthy
A: almost no armour, amphibious, 8 rings, constrict 8, camouflage 1, gelatinous
body 1
a: no special abilities


You were on level 5 of the Dungeon.
You were hungry.

You visited 1 branch of the dungeon, and saw 5 of its levels.

You collected 224 gold pieces.

Inventory:

Hand Weapons
 s - a +2 short sword of flaming (weapon)
 t - a +0 hunting sling
Missiles
 h - 74 stones (quivered)
Wands
 b - a wand of flame (5/48)
 c - a wand of enslavement (13/24)
 d - a wand of random effects (9/48)
Scrolls
 e - 3 scrolls of identify {unknown}
 l - 3 scrolls of teleportation {unknown}
 n - a scroll of magic mapping {unknown}
 q - a scroll of fear {unknown}
 u - a scroll of blinking {unknown}
 v - a scroll of remove curse {unknown}
 w - a scroll of amnesia {unknown}
 x - a scroll of enchant armour {unknown}
Potions
 g - 2 potions of might {unknown}
 i - a potion of mutation {unknown}
 j - 5 potions of agility {unknown}
 m - a potion of lignification {unknown}
 o - a potion of haste {unknown}
Books
 a - Sif Muna's Catalogue of Stolen Souls
   (You found it on level 4 of the Dungeon)

   Spells                             Type                      Level
   a - Pain                           Necromancy                   1
Comestibles
 f - 4 bread rations
 k - a fruit
 p - a beef jerky
 r - a meat ration


   Skills:
 - Level 1.0 Fighting
 - Level 1.0 Short Blades
 + Level 4.0 Dodging
 * Level 7.6 Stealth
 + Level 5.3 Evocations


You had 6 spell levels left.
You didn't know any spells.

Dungeon Overview and Level Annotations

Branches:
Dungeon (5/15)
 Temple: D:4-7

Altars:
Sif Muna
Beogh


Innate Abilities, Weirdness & Mutations

You cannot wear most types of armour.
You are amphibious.
You can wear up to eight rings at the same time.
You can use your tentacles to constrict eight enemies at once.
Your skin changes colour to match your surroundings (Stealth).
Your rubbery body absorbs attacks (AC +1).


Message History

The phantom is heavily damaged.
This wand has 5 charges left.
You hit the phantom. You burn the phantom. Your squeeze misses the phantom.
The phantom is severely damaged.
The phantom blinks!
You hit the phantom. You burn the phantom.
The phantom is severely damaged.
The phantom hits you!
You hit the phantom. You burn the phantom. Your squeeze misses the phantom.
The phantom is almost destroyed.
The phantom hits you but does no damage.
A scorpion comes into view.
You closely miss the phantom.
The phantom is almost destroyed.
The phantom hits you!
* * * LOW HITPOINT WARNING * * *
You miss the phantom.
The phantom is almost destroyed.
The phantom hits you.
You die...

......$ ...s... .......
#...... #...... #......
#.....†###############
#......@.............#
#.....W..............#
+....................###
#.......................
#..............)........
#.......................
#.......................
...####+#####....##+##..
+....+ #..


You could see a phantom and a scorpion (wandering).

Vanquished Creatures
  An ogre (D:5)
  A hound (D:5)
  A giant frog skeleton (D:4)
  An orc priest (D:4)
  An iguana (D:4)
  3 orc wizards (D:4)
  A hound skeleton (D:4)
  A gnoll (D:3)
  3 adders
  A worm (D:2)
  3 dart slugs
  6 giant geckos
  6 orcs
  A ball python (D:4)
  A giant cockroach (D:1)
  A goblin (D:3)
  6 hobgoblins
  2 quokkas (D:4)
  3 bats (D:1)
  3 giant newts
  5 kobolds
  5 rats
56 creatures vanquished.

Vanquished Creatures (collateral kills)
  Menkaure (D:5)
  An ice beast (D:5)
  A hound (D:5)
  A gnoll (D:3)
  An orc (D:3)
5 creatures vanquished.

Vanquished Creatures (others)
  A gnoll (D:3)
1 creature vanquished.

Grand Total: 62 creatures vanquished

Notes
Turn   | Place    | Note
--------------------------------------------------------------
     0 | D:1      | M4edhros the Octopode Artificer began the quest for the Orb.
     0 | D:1      | Reached XP level 1. HP: 13/13 MP: 3/3
    73 | D:1      | Reached skill level 2 in Stealth
    73 | D:1      | Reached XP level 2. HP: 15/18 MP: 4/4
   387 | D:1      | Reached skill level 3 in Stealth
   536 | D:2      | Reached XP level 3. HP: 16/23 MP: 5/5
   825 | D:3      | Reached skill level 4 in Stealth
   879 | D:3      | Reached XP level 4. HP: 23/28 MP: 7/7
  1241 | D:4      | Found a deep blue altar of Sif Muna.
  1276 | D:4      | Reached skill level 5 in Stealth
  1276 | D:4      | Reached XP level 5. HP: 16/33 MP: 8/8
  1407 | D:4      | Identified Sif Muna's Catalogue of Stolen Souls
  1782 | D:4      | Reached XP level 6. HP: 32/38 MP: 9/9
  1789 | D:4      | Reached skill level 6 in Stealth
  1877 | D:4      | Found a roughly hewn altar of Beogh.
  2027 | D:5      | Entered Level 5 of the Dungeon
  2078 | D:5      | Noticed an ice beast
  2080 | D:5      | Noticed Menkaure
  2089 | D:5      | Killed Menkaure
  2098 | D:5      | Killed an ice beast
  2098 | D:5      | Reached skill level 7 in Stealth
  2098 | D:5      | Reached skill level 5 in Evocations
  2176 | D:5      | Killed an ogre
  2176 | D:5      | Reached XP level 7. HP: 39/43 MP: 10/10
  2196 | D:5      | Slain by a phantom

Vault maps used:
D:1:      tarquinn_simple_flora_water_e, st_stairs_13,
          hangedman_decor_slide_cut, lemuel_another_geyser
D:2:      minmay_misc_feat_plants
D:3:      lemuel_doored_altar, first_bread
D:4:      led_sif_book, kennysheep_orc_chapel
D:5:      grunt_gozag_breadcrumbs, uniq_menkaure

Skill      XL: |  1  2  3  4  5  6 |
---------------+-------------------+-----
Stealth        | 2 3 4 5 7 |  7.6
Evocations     | 4 5 |  5.3
Dodging        | 3 4 |  4.0
Fighting       | |  1.0
Short Blades   | |  1.0

Action                   |  1- 3 |  4- 6 |  7- 9 || total
-------------------------+-------+-------+-------++-------
Melee: Short sword       |    55 |    38 |    12 ||   105
Evoke: Wand              |     3 |    11 |     4 ||    18
 Stab: Sleeping          |    16 |     9 |       ||    25
  Eat: Chunk             |       |     3 |       ||     3
